 Dungeon Crawl Stone Soup version 0.31-a0-1467-g53b6572822 (webtiles) character file.

Game seed: 6171117000582072723

21807 shadizar the Fighter (level 13, 0/100 HPs)
             Began as a Djinni Conjurer on Dec 28, 2023.
             Was an Elder of Makhleb.
             Killed from afar by a gargoyle (22 damage)
             ... with a stone arrow
             ... on level 12 of the Dungeon.
             The game lasted 00:56:24 (17546 turns).

shadizar the Fighter (Djinni Conjurer)             Turns: 17546, Time: 00:56:25

Health: 0/100      AC: 11    Str:  6    XL:     13   Next: 22%
Gold:   845        EV: 16    Int: 25    God:    Makhleb [****..] SH:  7 Dex: 12

rFire   + + +        b - staff of conjuration
rCold   x . .        q - +1 buckler {rF+}
rNeg    . . .        E - +3 ring mail
rPois   ∞            (no helmet)
rElec   .            e - +0 cloak
rCorr   +            (no gloves)
SInv    .            (boots unavailable)
Will    +....        (no amulet)
Stlth   +            v - +5 ring of evasion
HPRegen 0.36/turn    w - ring of resist corrosion
MPRegen 0.00/turn

%: infuse magic (-1 HP)
@: flying, studying Spellcasting
A: sickness immunity, fire resistance 2, cold vulnerability 1, float, innate
caster, HP casting, extra vitality 1
a: Renounce Religion, Minor Destruction, Lesser Servant of Makhleb, Major
Destruction


You were on level 12 of the Dungeon.
You worshipped Makhleb.
Makhleb was greatly pleased with you.
You visited 4 branches of the dungeon, and saw 16 of its levels.

You collected 845 gold pieces.

Inventory:

Hand Weapons
 f - a +4 whip of freezing
Armour
 a - a +0 robe
 e - a +0 cloak (worn)
 m - a +1 scale mail of cold resistance
 p - a +1 robe of cold resistance
 q - a +1 buckler of fire resistance (worn)
 B - +0 acid dragon scales
 E - a +3 ring mail (worn)
Magical Staves
 b - a staff of conjuration (weapon)
Jewellery
 v - a +5 ring of evasion (left hand)
 w - a ring of resist corrosion (right hand)
Wands
 h - a wand of flame (5)
 l - a wand of mindburst (28)
 t - a wand of acid (15)
 A - a wand of iceblast (5)
Scrolls
 d - 12 scrolls of teleportation
 i - a scroll of blinking
 o - 4 scrolls of enchant weapon
 y - 3 scrolls of fog
Potions
 c - a potion of haste
 g - a potion of might
 j - a potion of enlightenment
 r - a potion of resistance
 s - 2 potions of cancellation
 u - 4 potions of curing
 x - 2 potions of brilliance
 z - a potion of berserk rage


   Skills:
 + Level 11.7 Fighting
 + Level 9.3 Armour
 - Level 7.0 Dodging
 - Level 2.0 Stealth
 + Level 8.9 Shields
 + Level 10.1 Spellcasting
 + Level 9.2 Conjurations
 + Level 9.2 Hexes
 + Level 9.2 Summonings
 + Level 9.2 Necromancy
 + Level 9.2 Translocations
 + Level 9.2 Fire Magic
 + Level 9.2 Ice Magic
 + Level 9.2 Air Magic
 + Level 9.2 Earth Magic
 + Level 9.2 Alchemy


You knew the following spells:

 Your Spells              Type           Power      Damage    Failure   Level
a - Magic Dart            Conj           100%       1d8       1%          1
b - Searing Ray           Conj           100%       2d8       1%          2
c - Fulminant Prism       Conj/Alch      36%        3d18      4%          4
d - Iskenderun's Mystic   Conj/Tloc      73%        2d15      4%          4
e - Necrotise             Necr           100%       1d9       1%          1
f - Static Discharge      Conj/Air       100%       3-8/arc   1%          2
g - Ozocubu's Armour      Ice            56%        N/A       1%          3
h - Flame Wave            Conj/Fire      73%        2d16      4%          4
i - Dispel Undead         Necr           56%        3d20      4%          4
j - Freezing Cloud        Conj/Ice/Air   36%        6-21      14%         5
Your spell library was empty.

Dungeon Overview and Level Annotations

Branches:
Dungeon (12/15)            Temple (1/1) D:5            Lair (1/5) D:9
    Orc (2/2) D:10            Elf (0/3) Orc:2

Altars:
Ashenzari
Cheibriados
Dithmenos
Elyvilon
Fedhas
Gozag
Hepliaklqana
Makhleb
Nemelex Xobeh
Okawaru
Qazlal
Ru
Trog
Uskayaw
Wu Jian
Xom
Yredelemnul
Zin
The Shining One

Shops:
D:2 =   D:7 ?

Annotations:
D:3 2 transporters, Vorhees's ghost, amateur OnGl
D:4 Sigmund
D:12 Jorgrun


Innate Abilities, Weirdness & Mutations

You are immune to sickness and miasma.
You are immune to poison.
Your flesh is very heat resistant. (rF++)
You are vulnerable to cold. (rC-)
You float through the air rather than walking.
You learn spells naturally, not from books.
Your magical power is your life essence.
You have superior vitality. (+4 MHP)


Message History

The searing ray hits the gargoyle.
The gargoyle is heavily damaged.
You finish channelling your searing ray.
The gargoyle completely misses you.
The gargoyle hurls a stone arrow at you.
The stone arrow hits you.
Casting: Searing Ray (safe; 1% risk of failure)
Confirm with . or Enter, or press ? or * to list all spells.
Aiming: Searing Ray (safe; 1% risk of failure)
Press: ? - help, Shift-Dir - straight line, f/p - gargoyle
Aim: a gargoyle, wielding a +0 morningstar (heavily damaged, 92% to hit)
You feel a surge of power!
The searing ray hits the gargoyle but does no damage.
The gargoyle is heavily damaged. (Press . to maintain the ray.)
The searing ray hits the gargoyle.
The gargoyle is severely damaged.
The gargoyle hurls a stone arrow at you.
The stone arrow hits you!
The searing ray hits the gargoyle but does no damage.
The gargoyle is severely damaged.
The gargoyle hits you with a +0 morningstar.
* * * LOW HITPOINT WARNING * * *
The searing ray hits the gargoyle but does no damage.
The gargoyle is severely damaged.
* * * LOW HITPOINT WARNING * * *
You finish channelling your searing ray.
The gargoyle barely misses you.
The gargoyle hurls a stone arrow at you.
The stone arrow hits you!
* * * LOW HITPOINT WARNING * * *
You feel better.
The gargoyle hurls a stone arrow at you.
You block the stone arrow. The gargoyle attacks as it pursues you!
You block the gargoyle's attack.
The gargoyle hurls a stone arrow at you.
The stone arrow misses you.
The gargoyle hurls a stone arrow at you.
The stone arrow hits you!!
You die...

#...........#######
###.................
....................
.................#
#####............#
######.......#
#..9....# #####...#
#.@.# #...# #...#
...## ....# #....#
#### #....# ...#
#....# ...#


You could see a gargoyle.

Vanquished Creatures
  4 two-headed ogres
  An orc knight (Orc:1)
  A deep elf pyromancer (D:10)
  An ugly thing (D:11)
  Joseph (D:8)
  3 gargoyles (D:11)
  3 cane toads (Lair:1)
  A rime drake (Lair:1)
  2 komodo dragons
  3 trolls
  An air elemental (D:10)
  3 slime creatures (D:12)
  44 yaks
  2 basilisks (Lair:1)
  A water elemental (D:10)
  4 wyverns
  A fire elemental (D:10)
  4 wargs
  2 acid dragons
  7 orc warriors
  4 water moccasins
  An ice beast (D:6)
  4 black bears
  4 ogres
  4 centaurs
  5 phantoms
  A kobold brigand (D:9)
  An earth elemental (D:10)
  7 bullfrogs
  2 necrophages (D:8)
  2 scorpions
  7 wights
  2 wyvern zombies (D:8)
  10 killer bees
  7 howler monkeys
  2 bombardier beetles
  5 hounds
  13 orc priests
  A human zombie (D:8)
  A sleepcap (D:5)
  Jessica (D:3)
  A gnoll bouda (D:5)
  An iguana (D:4)
  16 orc wizards
  A killer bee zombie (D:8)
  2 mummies (D:8)
  A howler monkey zombie (D:8)
  8 gnolls
  9 adders
  3 shadow imps
  2 ufetubi (D:6)
  A worm (D:3)
  39 orcs
  6 ball pythons
  7 bats
  5 endoplasms
  2 giant cockroaches
  7 goblins
  10 hobgoblins
  6 quokkas
  3 frilled lizards
  8 kobolds
  3 rats
314 creatures vanquished.

Notes
Turn   | Place    | Note
-------+----------+-------------------------------------------
     0 | D:1      | shadizar the Djinni Conjurer began the quest for the Orb.
     0 | D:1      | shadizar set off with the following spells memorised: Magic
                  | Dart, Searing Ray, Fulminant Prism, Iskenderun's Mystic
                  | Blast.
     0 | D:1      | Reached XP level 1. HP: 15/15 MP: 0/0
   107 | D:1      | Reached XP level 2. HP: 20/22 MP: 0/0
   180 | D:1      | Reached skill level 1 in Fighting
   518 | D:1      | Reached XP level 3. HP: 26/27 MP: 0/0
   518 | D:1      | Learned a level 1 spell: Necrotise
   969 | D:2      | Reached skill level 2 in Fighting
  1062 | D:2      | Reached XP level 4. HP: 32/33 MP: 0/0
  1066 | D:2      | Found a basalt altar of Yredelemnul.
  1157 | D:2      | Found Jufiqyuf's Jewellery Boutique.
  1498 | D:3      | Found a transporter.
  1502 | D:3      | Noticed a bullfrog
  1504 | D:3      | Noticed Vorhees's ghost (amateur OnGl)
  1507 | D:3      | Found a transporter.
  1630 | D:3      | Noticed Jessica
  1633 | D:3      | Killed Jessica
  1634 | D:3      | Reached skill level 3 in Fighting
  1634 | D:3      | Reached XP level 5. HP: 37/40 MP: 0/0
  1634 | D:3      | Learned a level 2 spell: Static Discharge
  2199 | D:4      | Reached XP level 6. HP: 43/46 MP: 0/0
  2262 | D:4      | Reached skill level 4 in Fighting
  2440 | D:4      | Noticed Sigmund
  2463 | D:5      | Entered Level 5 of the Dungeon
  2485 | D:5      | Noticed a black bear
  2489 | D:5      | Reached skill level 5 in Spellcasting
  2489 | D:5      | Reached skill level 5 in Conjurations
  2489 | D:5      | Reached skill level 5 in Hexes
  2489 | D:5      | Reached skill level 5 in Summonings
  2489 | D:5      | Reached skill level 5 in Necromancy
  2489 | D:5      | Reached skill level 5 in Translocations
  2489 | D:5      | Reached skill level 5 in Fire Magic
  2489 | D:5      | Reached skill level 5 in Ice Magic
  2489 | D:5      | Reached skill level 5 in Air Magic
  2489 | D:5      | Reached skill level 5 in Earth Magic
  2489 | D:5      | Reached skill level 5 in Alchemy
  2489 | D:5      | Reached XP level 7. HP: 48/53 MP: 0/0
  2489 | D:5      | Learned a level 3 spell: Ozocubu's Armour
  2500 | D:5      | Reached skill level 5 in Fighting
  2612 | D:5      | Found a glowing golden altar of the Shining One.
  2708 | D:5      | Found a sacrificial altar of Ru.
  2863 | D:5      | Found a staircase to the Ecumenical Temple.
  2884 | Temple   | Entered the Ecumenical Temple
  2927 | Temple   | Became a worshipper of Makhleb the Destroyer
  2970 | D:5      | Noticed a yak
  2971 | D:5      | Noticed a yak
  2972 | D:5      | Noticed a yak
  2973 | D:5      | Noticed a yak
  2975 | D:5      | Noticed a yak
  2979 | D:5      | Killed a yak
  2980 | D:5      | Reached skill level 6 in Fighting
  2980 | D:5      | Reached XP level 8. HP: 46/61 MP: 0/0
  4218 | D:4      | Killed a yak
  4219 | D:4      | Reached skill level 7 in Fighting
  4246 | D:5      | Killed a yak
  4247 | D:5      | Reached skill level 1 in Armour
  4371 | D:5      | Reached XP level 9. HP: 59/68 MP: 0/0
  4371 | D:5      | Learned a level 4 spell: Flame Wave
  4461 | D:5      | Found a blossoming altar of Fedhas.
  4891 | D:6      | Reached * piety under Makhleb
  5149 | D:6      | Reached skill level 1 in Shields
  5668 | D:6      | Reached skill level 8 in Fighting
  6393 | D:7      | Reached XP level 10. HP: 72/76 MP: 0/0
  6475 | D:7      | Found Hacoeng's Magic Scroll Emporium.
  6506 | D:7      | Reached skill level 5 in Dodging
  6590 | D:7      | Found an iron altar of Okawaru.
  7019 | D:8      | Noticed a two-headed ogre
  7028 | D:8      | Killed a two-headed ogre
  7346 | D:8      | Reached ** piety under Makhleb
  7371 | D:8      | Reached skill level 5 in Armour
  7950 | D:8      | Reached skill level 9 in Fighting
  8106 | D:8      | Noticed a two-headed ogre
  8118 | D:8      | Killed a two-headed ogre
  8119 | D:8      | Reached XP level 11. HP: 66/84 MP: 0/0
  8119 | D:8      | Learned a level 4 spell: Dispel Undead
  8200 | D:8      | Noticed Joseph
  8212 | D:8      | Killed Joseph
  8451 | D:8      | Reached skill level 5 in Shields
  8836 | D:9      | Found a staircase to the Lair.
  9763 | D:10     | Entered Level 10 of the Dungeon
  9767 | D:10     | Found an opulent altar of Gozag.
  9969 | D:10     | Reached *** piety under Makhleb
 10458 | D:10     | Reached skill level 10 in Fighting
 10616 | D:10     | Found a large runed translucent door.
 10616 | D:10     | Found a large runed translucent door.
 10744 | D:10     | Found a staircase to the Orcish Mines.
 10985 | D:10     | Noticed a deep elf pyromancer
 10996 | D:10     | Killed a deep elf pyromancer
 11238 | D:10     | Reached XP level 12. HP: 81/91 MP: 0/0
 11286 | D:10     | Reached **** piety under Makhleb
 11595 | D:10     | Paralysed by an air elemental for 1 turns
 11597 | D:10     | Paralysed by an air elemental for 1 turns
 11602 | D:10     | Paralysed by an air elemental for 1 turns
 11605 | D:10     | Paralysed by an air elemental for 1 turns
 11806 | D:10     | Identified a scroll of acquirement
 11806 | D:10     | Acquired a manual of Spellcasting
 12008 | Orc:1    | Entered Level 1 of the Orcish Mines
 12767 | Orc:2    | Entered Level 2 of the Orcish Mines
 13132 | Orc:2    | Found a staircase to the Elven Halls.
 13253 | Orc:2    | Noticed a sixfirhy
 13263 | Orc:2    | HP: 2/93 [sixfirhy[an orc knight] (11)]
 13612 | Lair:1   | Entered Level 1 of the Lair of Beasts
 14384 | Lair:1   | Reached skill level 11 in Fighting
 14762 | Lair:1   | Noticed a death yak
 15758 | D:11     | Noticed a two-headed ogre
 15936 | Orc:1    | Reached XP level 13. HP: 17/99 MP: 0/0
 15936 | Orc:1    | Learned a level 5 spell: Freezing Cloud
 16805 | D:12     | Reached ***** piety under Makhleb
 16806 | D:12     | Reached skill level 10 in Spellcasting
 16933 | D:12     | Noticed Jorgrun
 16940 | D:12     | HP: 2/99 [Jorgrun/blast of rock fragments (6)]
 17546 | D:12     | Killed from afar by a gargoyle

Illustrated notes

Levels and vault maps discovered:
D:1:      minmay_arrival_jagged, layout_basic, nicolae_figureground_sparkle
D:2:      layout_basic, serial_shops, shop, basic_altar
D:3:      layout_basic, gammafunk_ghost_arena, reono_crystal_passage,
          corexii_item_surrounded_by_moat, uniq_jessica
D:4:      layout_rooms, dk_noncrumbling_4, uniq_sigmund
D:5:      layout_basic, mainiacjoe_overflow_large_starburst,
          mainiacjoe_overflow_paths, minmay_temple_entry_drinking_statues
D:6:      layout_basic, st_stairs_5
D:7:      layout_cave_pods, okawaru_metal_pillars_3, serial_shops, shop
D:8:      layout_basic, lemuel_mausoleum_altar_kikubaaqudgha,
          due_unseen_surprise, uniq_joseph
D:9:      layout_irregular_city, david_lair_shrubbed
D:10:     layout_roguey, mainiacjoe_overflow_catwalk, erik_orc_4,
          lightli_elemental_guards
D:11:     layout_basic
D:12:     layout_irregular_city, uniq_jorgrun, uniq_fannar
Temple:   nicolae_temple_slightly_damp_pantheon
Lair:1:   layout_cave_pods, serial_forest, infiniplex_forest_clump_small,
          infiniplex_forest_lined_3, infiniplex_forest_lined_3_way,
          infiniplex_forest_join, infiniplex_forest_clump_long,
          infiniplex_forest_lined_2, serial_bayou_crossing, grunt_megastairs_5
Orc:1:    layout_caves
Orc:2:    st_orc_rangers, layout_diamond_mine

Skill      XL: |  1  2  3  4  5  6  7  8  9 10 11 12 13 |
---------------+----------------------------------------+-----
Fighting       | 1 2 3 4 6 7 8 9 10 11 | 11.7
Spellcasting   | 4 5 6 7 8 9 10 | 10.1
Conjurations   | 4 5 6 7 8 9 |  9.2
Hexes          | 4 5 6 7 8 9 |  9.2
Summonings     | 4 5 6 7 8 9 |  9.2
Necromancy     | 4 5 6 7 8 9 |  9.2
Translocations | 4 5 6 7 8 9 |  9.2
Fire Magic     | 4 5 6 7 8 9 |  9.2
Ice Magic      | 4 5 6 7 8 9 |  9.2
Air Magic      | 4 5 6 7 8 9 |  9.2
Earth Magic    | 4 5 6 7 8 9 |  9.2
Alchemy        | 4 5 6 7 8 9 |  9.2
Armour         | 1 3 5 7 8 9 |  9.3
Dodging        | 4 6 7 |  7.0
Stealth        | 2 |  2.0
Shields        | 2 4 6 8 |  8.9

Action                     |  1- 3 |  4- 6 |  7- 9 | 10-12 | 13-15 || total
---------------------------+-------+-------+-------+-------+-------++-------
   Cast: Magic Dart        |    41 |    61 |    80 |   142 |     7 ||   331
         Searing Ray       |     2 |    16 |    66 |   162 |    23 ||   269
         Iskenderun's Myst |       |       |       |    14 |     7 ||    21
         Static Discharge  |       |       |       |    29 |     5 ||    34
         Freezing Cloud    |       |       |       |       |     2 ||     2
  Evoke: Wand              |       |       |       |     6 |       ||     6
    Use: Scroll            |       |       |    13 |    11 |     1 ||    25
         Potion            |       |       |     1 |     3 |     1 ||     5
 Armour: Robe              |     2 |     6 |    56 |    34 |       ||    98
         Scale mail        |       |       |       |   201 |       ||   201
         Ring mail         |       |       |       |    36 |    48 ||    84
  Dodge: Dodged            |     1 |    10 |    43 |   237 |    24 ||   315
  Block: Buckler           |       |       |     5 |    97 |    17 ||   119

Table legend: (Time is in decaauts)
 A = Elapsed time spent in this place.
 B = Non-inter-level travel time spent in this place.
 C = Inter-level travel time spent in this place.
 D = Time resting spent in this place.
 E = Time spent auto-exploring this place.
 F = Levels seen in this place.
 G = Mean time per level.
                   A        B        C        D        E       F      G
               +--------+--------+--------+--------+--------+-----+--------+
         Total |  17551 |  16938 |    613 |      0 |  13568 |  16 | 1096.9 |
       Dungeon |  15165 |  14617 |    548 |      0 |  11798 |  12 | 1263.8 |
        Temple |     64 |     14 |     50 |      0 |      0 |   1 |   64.0 |
          Lair |    940 |    940 |      0 |      0 |    721 |   1 |  940.0 |
  Orcish Mines |   1381 |   1368 |     13 |      0 |   1049 |   2 |  690.5 |
               +--------+--------+--------+--------+--------+-----+--------+

Top non-repeatable levels by time:
    D:10: 2522 daAuts
    D:11: 2051 daAuts
     D:8: 1775 daAuts
     D:9: 1649 daAuts
     D:6: 1280 daAuts
     D:4: 1099 daAuts
     D:3: 1011 daAuts
     D:5: 1002 daAuts
  Lair:1: 940 daAuts
     D:2: 921 daAuts
   Orc:1: 853 daAuts
     D:7: 822 daAuts
     D:1: 747 daAuts
   Orc:2: 527 daAuts
    D:12: 281 daAuts
